[Event "Sunday 29 April Rapid Engine Tour 12+1 Rounds 9 Starts 1600 ST"]
[Site "Infinity Chess"]
[Date "2018.4.29"]
[Round "5"]
[White "KRAKEN"]
[Black "Murx"]
[Result "1/2-1/2"]
[ECO "D31"]
[WhiteElo "2562"]
[BlackElo "2512"]
[WhiteEngine "Raubfisch ME262_GTZ17b3._CTG"]
[BlackEngine "asmFishW_2018-04-07_popcnt"]
[EventType "Swiss"]
[WhiteTeam ""]
[BlackTeam ""]
[PlyCount "104"]
[TimeControl "720+1"]

1. d4 d5 2. c4 e6 3. Nc3 c6 4. e3 Nf6 5. Nf3 Nbd7 6. Bd3 dxc4 7. Bxc4 b5 
8. Be2 Bb7 9. O-O a6 10. e4 c5 11. e5 Nd5 12. a4 b4 13. Nxd5 Bxd5 14. Be3 Be7 
15. Rc1 Qa5 16. Bc4 Bxc4 17. Rxc4 Nb6 18. Rc2 Qxa4 19. dxc5 Nd5 20. Nd4 O-O 
21. c6 Qa5 22. Qe2 Qc7 23. Rfc1 Rfc8 24. Bd2 Bf8 25. Rc4 Qa7 26. Qh5 g6 
27. Qg4 Qc7 28. Qe4 Bg7 29. Nf3 a5 30. h4 h6 31. b3 Rcb8 32. Re1 a4 
33. bxa4 Rxa4 34. h5 g5 35. Bxg5 Ra6 36. Bf6 Nxf6 37. exf6 Bxf6 38. Nd4 Bxd4 
39. Qxd4 Rxc6 40. Qg4+ Kf8 41. Rxc6 Qxc6 42. Qf4 Rb5 43. Qxh6+ Ke7 44. Ra1 Qc5 
45. Ra8 b3 46. Qf8+ Kf6 47. Qd8+ Ke5 48. Rc8 Qb4 49. Qc7+ Kf6 50. Qd8+ Ke5 
51. Qc7+ Kf6 52. Qd8+ Ke5 1/2-1/2

[Event "Sunday 29 April Rapid Engine Tour 12+1 Rounds 9 Starts 1600 ST"]
[Site "Infinity Chess"]
[Date "2018.4.29"]
[Round "4"]
[White "Marsell"]
[Black "IronMan"]
[Result "1-0"]
[ECO "C55"]
[WhiteElo "2438"]
[BlackElo "2368"]
[WhiteEngine "BrainFish_180418_x64_bmi2"]
[BlackEngine "Eman 1.70-beta23 64-bit POPCNT"]
[EventType "Swiss"]
[WhiteTeam ""]
[BlackTeam ""]
[PlyCount "191"]
[TimeControl "720+1"]

1. e4 e5 2. Nf3 Nc6 3. Bc4 Nf6 4. d3 Bc5 5. c3 d6 6. O-O O-O 7. h3 a5 
8. Nbd2 Be6 9. Bb5 Qc8 10. Re1 Bxh3 11. gxh3 Qxh3 12. Nf1 Qg4+ 13. Kh1 Bxf2 
14. N1h2 Qh5 15. Re2 Ng4 16. Qc2 Bb6 17. Rg2 Nxh2 18. Nxh2 f5 19. Rg5 Qh3 
20. Bc4+ Kh8 21. Qg2 Qxg2+ 22. Kxg2 fxe4 23. dxe4 Rf2+ 24. Kh3 Ne7 25. Rg2 Rxg2 
26. Kxg2 Ng6 27. Bg5 Rf8 28. Ng4 Nf4+ 29. Kg3 h5 30. Rf1 Kh7 31. Nh2 a4 
32. Nf3 Be3 33. Re1 Bc5 34. Rf1 Be3 35. Re1 Ba7 36. Rd1 Bb6 37. Be7 Re8 
38. Bg5 Rf8 39. Be7 Re8 40. Bh4 Rf8 41. Bg5 Ba7 42. Bb5 Nh3 43. Bd2 a3 
44. bxa3 Nf4 45. Rb1 Bc5 46. a4 b6 47. Rf1 Rf6 48. Ne1 g5 49. Nd3 Kh6 
50. Nb4 Kg7 51. Na6 Rf7 52. Re1 Kf6 53. Rh1 Rh7 54. Nb4 Ke7 55. Bc4 Kd7 
56. Na6 Ba3 57. Bb5+ Kc8 58. Nb4 Rh8 59. Be3 Bb2 60. Ba6+ Kd8 61. Nd5 c6 
62. Nxb6 h4+ 63. Kh2 Rh6 64. Bc8 g4 65. Bxg4 Rg6 66. Rg1 Bxc3 67. Nc4 Bd4 
68. Bxd4 exd4 69. a5 c5 70. Bf5 Rxg1 71. Kxg1 Kc7 72. a6 d3 73. Nxd6 d2 
74. Bg4 Kb6 75. Nc4+ Kxa6 76. Nxd2 h3 77. Kh2 Kb6 78. Kg3 h2 79. Kxh2 Ng6 
80. Kg3 Ka5 81. Nc4+ Kb5 82. Be6 Nh8 83. e5 Kb4 84. Bf5 Nf7 85. e6 Nh6 
86. Bh7 Kxc4 87. e7 Kd5 88. e8=Q c4 89. Be4+ Kd6 90. Kf4 Ng4 91. Qc6+ Ke7 
92. Kxg4 c3 93. Kf5 Kf7 94. Qc7+ Kg8 95. Kf6 c2 96. Qg7# 1-0

[Event "Sunday 29 April Rapid Engine Tour 12+1 Rounds 9 Starts 1600 ST"]
[Site "Infinity Chess"]
[Date "2018.4.29"]
[Round "4"]
[White "Katzenmaier"]
[Black "Dovahkiin"]
[Result "1/2-1/2"]
[ECO "A13"]
[WhiteElo "2449"]
[BlackElo "2376"]
[WhiteEngine "Raubfisch X38b1"]
[BlackEngine "BrainFish_180423_x64_modern_CTG"]
[EventType "Swiss"]
[WhiteTeam ""]
[BlackTeam ""]
[PlyCount "103"]
[TimeControl "720+1"]

1. c4 e6 2. d4 d5 3. cxd5 exd5 4. Nc3 c6 5. Bf4 Bd6 6. Bxd6 Qxd6 7. e3 Bf5 
8. Nf3 Ne7 9. Nh4 Bg6 10. g3 Nd7 11. Qb3 O-O-O 12. Be2 Be4 13. Nxe4 dxe4 
14. Qxf7 Qb4+ 15. Kf1 g6 16. Qb3 Qxb3 17. axb3 Kb8 18. Ng2 c5 19. Rd1 cxd4 
20. Rxd4 Nc5 21. Bc4 b5 22. Bxb5 Rxd4 23. exd4 Nxb3 24. Ba4 Nxd4 25. Ne3 Nef5 
26. Nd5 h5 27. Kg2 Rd8 28. Nc3 e3 29. Re1 exf2 30. Kxf2 Rd6 31. h3 Rb6 
32. b3 Rf6 33. Nd5 Rd6 34. Nf4 Kc7 35. Re5 Nc6 36. Rc5 Kb6 37. Rb5+ Kc7 
38. Rc5 Kb6 39. Rb5+ Kc7 40. g4 hxg4 41. hxg4 Nfe7 42. Rg5 a6 43. Bxc6 Nxc6 
44. Rxg6 Rxg6 45. Nxg6 Nd4 46. b4 Nc2 47. Ne5 Nxb4 48. g5 Nd5 49. g6 Ne7 
50. g7 Ng8 51. Nc4 Kd7 52. Nb2 1/2-1/2

[Event "Sunday 29 April Rapid Engine Tour 12+1 Rounds 9 Starts 1600 ST"]
[Site "Infinity Chess"]
[Date "2018.4.29"]
[Round "4"]
[White "KQRBNP"]
[Black "fsher"]
[Result "1/2-1/2 "]
[ECO "B13"]
[WhiteElo "2325"]
[BlackElo "2390"]
[WhiteEngine "Eman 1.70-beta28 64-bit POPCNT"]
[BlackEngine "stockfish_17060619_x64_modern_CTG"]
[EventType "Swiss"]
[WhiteTeam ""]
[BlackTeam ""]
[PlyCount "163"]
[TimeControl "720+1"]

1. e4 c6 2. d4 d5 3. exd5 cxd5 4. Bd3 Nc6 5. c3 e5 6. dxe5 Nxe5 7. Bb5+ Nc6 
8. Nf3 a6 9. Bd3 Nf6 10. O-O Be7 11. h3 O-O 12. Bf4 Bd6 13. Bxd6 Qxd6 
14. Re1 Bd7 15. Nbd2 Rfe8 16. Qc2 g6 17. Rad1 Rxe1+ 18. Rxe1 d4 19. a3 dxc3 
20. Qxc3 Re8 21. Rxe8+ Nxe8 22. Ne4 Qf4 23. Bb1 Bf5 24. g3 Qc7 25. g4 Be6 
26. Qe3 Qe7 27. Nc5 Bd5 28. Qxe7 Nxe7 29. Nd4 Nd6 30. Bd3 Nc6 31. Nxc6 Bxc6 
32. f4 Kf8 33. Kf2 a5 34. Ke3 h5 35. Nb3 hxg4 36. hxg4 b6 37. Nd2 Bd7 38. g5 Ke7 
39. Kd4 Ke6 40. Nc4 Nxc4 41. Bxc4+ Ke7 42. Ke5 Bc6 43. Bd3 Bg2 44. Be2 Bb7 
45. Bb5 Bg2 46. Kd4 Bb7 47. Ba4 Ke6 48. Bb3+ Ke7 49. Ba4 Ba6 50. Kd5 Bc8 
51. Bb5 Bb7+ 52. Bc6 Bc8 53. Bb5 Bb7+ 54. Ke5 Bf3 55. Bc4 Bg2 56. Bd3 Bc6 
57. Bc4 Bd7 58. Bd5 Bf5 59. Bh1 Be6 60. Bb7 Bc4 61. Bg2 Bb3 62. Bf3 Be6 
63. Be4 Bg4 64. Kd5 Kd7 65. Bc2 Be6+ 66. Ke5 Ke7 67. Bd1 Bh3 68. Bb3 Bg4 
69. Bc2 Bc8 70. Bb3 Bd7 71. Bc4 Bh3 72. Be2 Be6 73. Bf1 Bg4 74. Bc4 Bd7 
75. Bd5 Bh3 76. Bb3 Bd7 77. Bd1 Be6 78. Bf3 Bc4 79. b4 axb4 80. axb4 Be6 
81. Bg2 Bg4 82. Bd5 1/2-1/2

[Event "Sunday 29 April Rapid Engine Tour 12+1 Rounds 9 Starts 1600 ST"]
[Site "Infinity Chess"]
[Date "2018.4.29"]
[Round "4"]
[White "hafaba"]
[Black "ocirema"]
[Result "1/2-1/2"]
[ECO "C42"]
[WhiteElo "2401"]
[BlackElo "2402"]
[WhiteEngine "Eman 1.70-beta21 64-bit POPCNT_CTG"]
[BlackEngine "asmFishW_9_popcnt"]
[EventType "Swiss"]
[WhiteTeam ""]
[BlackTeam ""]
[PlyCount "148"]
[TimeControl "720+1"]

1. e4 e5 2. Nf3 Nf6 3. Nxe5 d6 4. Nf3 Nxe4 5. d4 d5 6. Bd3 Bd6 7. O-O O-O 
8. c4 c6 9. Re1 Bf5 10. Nc3 Nxc3 11. bxc3 Bxd3 12. Qxd3 dxc4 13. Qxc4 Nd7 
14. Bg5 Qc7 15. Be7 b5 16. Qe2 Rfc8 17. Bxd6 Qxd6 18. c4 bxc4 19. Qxc4 c5 
20. Rac1 h6 21. h4 Rab8 22. g3 Qf6 23. Ne5 Nxe5 24. dxe5 Qf5 25. Re2 Rb4 
26. Qa6 Qd7 27. Rd2 Qf5 28. Qxa7 Qxe5 29. Qd7 Qe6 30. Qxe6 fxe6 31. a3 Ra4 
32. Rc3 Rc7 33. Rd6 Kf7 34. Kg2 h5 35. Kf1 c4 36. Ke2 Ke7 37. Rb6 Kf6 
38. Kd2 Rd7+ 39. Ke2 Rd5 40. Rc6 Rda5 41. R6xc4 Rxc4 42. Rxc4 Rxa3 43. Rf4+ Ke5 
44. f3 Ra2+ 45. Ke3 g6 46. Re4+ Kf6 47. Rf4+ Ke7 48. Rc4 Kf6 49. f4 Ra3+ 
50. Kf2 Ra2+ 51. Ke1 Rb2 52. Rc6 Rb1+ 53. Ke2 Kf5 54. Rc5+ Kf6 55. Kf3 Rb3+ 
56. Kf2 Rb2+ 57. Kf3 Rb3+ 58. Kg2 Kg7 59. Re5 Rb2+ 60. Kf3 Rb3+ 61. Re3 Rxe3+ 
62. Kxe3 Kf6 63. Ke4 Ke7 64. Kf3 Kf7 65. Ke3 Ke7 66. Kf3 Kf7 67. Ke3 Ke7 
68. Ke2 Kd6 69. Kf3 Kd5 70. g4 Kd4 71. gxh5 gxh5 72. f5 exf5 73. Kf4 Kc4 
74. Kxf5 Kd5 1/2-1/2

[Event "Sunday 29 April Rapid Engine Tour 12+1 Rounds 9 Starts 1600 ST"]
[Site "Infinity Chess"]
[Date "2018.4.29"]
[Round "4"]
[White "angriff"]
[Black "Eman"]
[Result "1/2-1/2 "]
[ECO "B90"]
[WhiteElo "2426"]
[BlackElo "2445"]
[WhiteEngine "DracoREX 3.07 64BIT POPCNT_CTG"]
[BlackEngine "Eman 1.70-beta27 64-bit BMI2"]
[EventType "Swiss"]
[WhiteTeam ""]
[BlackTeam ""]
[PlyCount "208"]
[TimeControl "720+1"]

1. e4 c5 2. Nf3 d6 3. d4 cxd4 4. Nxd4 Nf6 5. Nc3 a6 6. Be3 e5 7. Nb3 Be6 
8. f3 Nbd7 9. g4 Be7 10. Qd2 O-O 11. O-O-O b5 12. g5 Nh5 13. Nd5 Bxd5 
14. exd5 f5 15. gxf6 Bxf6 16. Na5 Qc7 17. Nc6 Nf4 18. c4 Nb8 19. Qa5 Qb7 
20. cxb5 axb5 21. Qxb5 Qxb5 22. Bxb5 Rxa2 23. Kb1 Ra8 24. Rc1 Ng2 25. Bd2 Na6 
26. Kc2 Nc7 27. Bc4 Rae8 28. Rhg1 Nh4 29. Rcf1 Nf5 30. b4 Na8 31. Rg4 Nb6 
32. Bd3 Nd4+ 33. Nxd4 exd4 34. Kb3 Nd7 35. Rgg1 Ne5 36. Bf5 Bd8 37. Be4 Bh4 
38. f4 Nd7 39. Bf3 Nf6 40. Rg2 Re7 41. Rc1 Rb8 42. Rc4 Rbe8 43. Kb2 d3 
44. Rc3 Rb7 45. Rxd3 Ne4 46. Bxe4 Rxe4 47. Ka3 Kf7 48. Rg1 Kf6 49. Kb3 g6 
50. f5 Kxf5 51. Rf3+ Ke5 52. Rd3 Kf5 53. Rf1+ Kg4 54. Bc3 Bg5 55. h3+ Kh5 
56. Re1 Rf4 57. Re6 Rd7 58. Ka4 Rb7 59. Ka5 Bd8+ 60. Ka4 Bg5 61. Kb3 Rd7 
62. Bd4 Rf5 63. Bb6 Bf4 64. Ka4 Rb7 65. Bd8 Rf8 66. Re7 Rxe7 67. Bxe7 Re8 
68. Bf6 Ra8+ 69. Kb5 Rb8+ 70. Ka4 Ra8+ 71. Kb3 Rb8 72. Bd4 Kg5 73. Ba7 Rb7 
74. Bg1 Rb8 75. Ka4 Ra8+ 76. Kb3 Rb8 77. Ka4 Ra8+ 78. Kb5 Kf5 79. Bb6 Ra1 
80. Rc3 Be5 81. Rc2 Ke4 82. Kc6 Kd3 83. Rg2 Rc1+ 84. Kd7 Kc4 85. Bc7 Kxd5 
86. b5 Rb1 87. Rd2+ Ke4 88. Kc6 Rc1+ 89. Kb7 Bf4 90. Re2+ Kf3 91. Rb2 Rc3 
92. Ba5 Re3 93. Kc6 d5 94. Rb4 Rc3+ 95. Kxd5 Ra3 96. Bb6 g5 97. Rb1 Rd3+ 
98. Kc4 Rd7 99. Bd4 h5 100. Rb3+ Ke4 101. Bc5 g4 102. hxg4 hxg4 103. b6 g3 
104. b7 Bb8 1/2-1/2

[Event "Sunday 29 April Rapid Engine Tour 12+1 Rounds 9 Starts 1600 ST"]
[Site "Infinity Chess"]
[Date "2018.4.29"]
[Round "4"]
[White "HerzsjeMZ"]
[Black "star99"]
[Result "1/2-1/2"]
[ECO "B53"]
[WhiteElo "2449"]
[BlackElo "2454"]
[WhiteEngine "SugaR.XPrO.1.4.64.POCNT"]
[BlackEngine "Cryptic Heroes 9.4B"]
[EventType "Swiss"]
[WhiteTeam ""]
[BlackTeam ""]
[PlyCount "137"]
[TimeControl "720+1"]

1. e4 c5 2. Nf3 d6 3. d4 Nf6 4. Nc3 cxd4 5. Nxd4 a6 6. Be3 e5 7. Nb3 Be7 
8. Be2 Be6 9. Qd3 Nc6 10. a3 O-O 11. Nd5 Rc8 12. c3 Nd7 13. Qd2 h6 14. O-O-O Bg5 
15. Bxg5 hxg5 16. Kb1 Nf6 17. f3 Bxd5 18. exd5 Ne7 19. Ka2 Nexd5 20. Bd3 Qb6 
21. g4 Nf4 22. Bc2 Rcd8 23. h4 gxh4 24. Rxh4 g6 25. Rdh1 Kg7 26. Rh6 Rde8 
27. Qe1 Rg8 28. Qd2 Kf8 29. Rd1 Rd8 30. Re1 Kg7 31. Reh1 Kf8 32. Re1 a5 
33. Ka1 Kg7 34. Reh1 d5 35. Qe1 Nd7 36. Qh4 Kf8 37. Kb1 Ke8 38. Rh7 Rf8 
39. Qh6 Ke7 40. Re1 Ne6 41. Qd2 d4 42. cxd4 a4 43. Nc1 Qxd4 44. Qh2 Qf4 
45. Qh1 Nd4 46. Nd3 Qxf3 47. Qh2 Nxc2 48. Qxc2 Rc8 49. Qd2 Qd5 50. Qb4+ Qd6 
51. Qb5 Kd8 52. Nb4 Kc7 53. Rh3 Nc5 54. Rc3 Kb8 55. Rec1 Nb3 56. Nc6+ Rxc6 
57. Rxc6 Qd4 58. Re1 Rd8 59. Rc3 Nd2+ 60. Ka2 e4 61. g5 Rd5 62. Qe8+ Ka7 
63. Qxf7 Rxg5 64. Qe8 Qd5+ 65. Ka1 Nb3+ 66. Kb1 Nd2+ 67. Ka1 Nb3+ 68. Kb1 Nd2+ 
69. Ka1 1/2-1/2

[Event "Sunday 29 April Rapid Engine Tour 12+1 Rounds 9 Starts 1600 ST"]
[Site "Infinity Chess"]
[Date "2018.4.29"]
[Round "4"]
[White "Medusa"]
[Black "Deep_Impact"]
[Result "1/2-1/2"]
[ECO "B90"]
[WhiteElo "2456"]
[BlackElo "2506"]
[WhiteEngine "Eman 1.70-beta23 64-bit BMI2"]
[BlackEngine "asmFishW_2018-04-24_bmi2"]
[EventType "Swiss"]
[WhiteTeam ""]
[BlackTeam ""]
[PlyCount "111"]
[TimeControl "720+1"]

1. e4 c5 2. Nf3 d6 3. d4 cxd4 4. Nxd4 Nf6 5. Nc3 a6 6. h3 e6 7. g4 h6 8. Qe2 b5 
9. Bg2 Bb7 10. O-O Nbd7 11. a3 g5 12. Rd1 Qb6 13. a4 b4 14. a5 Qc7 15. Na2 Qxa5 
16. Be3 Ne5 17. Nb3 Qa4 18. Bd2 Qb5 19. Qxb5+ axb5 20. Nxb4 Rxa1 21. Rxa1 Bxe4 
22. Nd4 Bg7 23. Nxb5 Bxg2 24. Kxg2 Ne4 25. Be1 O-O 26. f3 Nc5 27. Nxd6 Rd8 
28. Nb5 Nc4 29. Nc6 Ne3+ 30. Kf2 Nxc2 31. Nxd8 Nxa1 32. Bc3 Nd3+ 33. Ke3 Nxb2 
34. Bxg7 Kxg7 35. Nd6 Nb3 36. N6xf7 Nc4+ 37. Kd3 Nca5 38. Kc3 Nc5 39. Nd6 Kf6 
40. Kb4 Ke7 41. N8f7 Nab7 42. Nxb7 Nxb7 43. Ne5 Kd6 44. Nd3 Kd5 45. Kc3 e5 
46. Nb4+ Ke6 47. Kd2 Nc5 48. Ke3 Kf6 49. Nd3 Ne6 50. Ke4 Nf4 51. h4 Nxd3 
52. hxg5+ hxg5 53. Kxd3 Ke7 54. Kc2 Kf6 55. Kd2 Ke6 56. Kc2 1/2-1/2

[Event "Sunday 29 April Rapid Engine Tour 12+1 Rounds 9 Starts 1600 ST"]
[Site "Infinity Chess"]
[Date "2018.4.29"]
[Round "4"]
[White "CoffeeOne"]
[Black "Murx"]
[Result "1/2-1/2"]
[ECO "C55"]
[WhiteElo "2476"]
[BlackElo "2514"]
[WhiteEngine "cfish-2018-04-25-2"]
[BlackEngine "asmFishW_2018-04-07_popcnt"]
[EventType "Swiss"]
[WhiteTeam ""]
[BlackTeam ""]
[PlyCount "85"]
[TimeControl "720+1"]

1. e4 e5 2. Nf3 Nc6 3. Bc4 Nf6 4. d3 Bc5 5. c3 O-O 6. O-O d6 7. h3 a5 8. Re1 h6 
9. Bb3 Bd7 10. d4 Ba7 11. Be3 Re8 12. Nbd2 exd4 13. Nxd4 Nxd4 14. Bxd4 Bc6 
15. Bc2 Nd7 16. Re3 Nf8 17. Rg3 Ne6 18. Bxa7 Rxa7 19. Nc4 Qf6 20. Ne3 Nf4 
21. Ng4 Qg5 22. Qf3 Nh5 23. Bb3 Re7 24. h4 Qf4 25. Qxf4 Nxf4 26. Nxh6+ Kf8 
27. Nf5 Ne2+ 28. Kh2 Nxg3 29. Nxe7 Nxe4 30. Nxc6 bxc6 31. f3 Nf6 32. Bc2 Rb7 
33. Rb1 Rb5 34. Ba4 Rb6 35. Bb3 c5 36. g4 g6 37. Bc2 Nd5 38. Kg3 c4 39. f4 Ne3 
40. Ba4 Nd5 41. Bc2 Ne3 42. Ba4 Nd5 43. Bc2 1/2-1/2

[Event "Sunday 29 April Rapid Engine Tour 12+1 Rounds 9 Starts 1600 ST"]
[Site "Infinity Chess"]
[Date "2018.4.29"]
[Round "4"]
[White "Gilgamesch"]
[Black "Susanne"]
[Result "1/2-1/2"]
[ECO "B30"]
[WhiteElo "2495"]
[BlackElo "2553"]
[WhiteEngine "BrainFish_180408_x64_bmi2"]
[BlackEngine "asmFishW_IX_bmi2_CTG"]
[EventType "Swiss"]
[WhiteTeam ""]
[BlackTeam ""]
[PlyCount "89"]
[TimeControl "720+1"]

1. e4 c5 2. Nf3 Nc6 3. Nc3 g6 4. d4 cxd4 5. Nxd4 Bg7 6. Be3 Nf6 7. Bc4 O-O 
8. Bb3 d6 9. f3 Qa5 10. Qd2 Nxd4 11. Bxd4 Be6 12. O-O-O b5 13. Kb1 b4 
14. Nd5 Bxd5 15. exd5 Qb5 16. Qd3 Qxd3 17. Rxd3 Nd7 18. Bxg7 Kxg7 19. Re3 Kf6 
20. Rhe1 g5 21. Rxe7 Ne5 22. Rb7 Rfb8 23. Rxb8 Rxb8 24. Rf1 Ng6 25. Rf2 Rc8 
26. a3 bxa3 27. bxa3 Re8 28. c3 h5 29. g3 h4 30. Bc2 Re1+ 31. Kb2 hxg3 
32. hxg3 Ne7 33. c4 Re3 34. Rd2 Rxf3 35. c5 Nc8 36. Ba4 Ke7 37. Re2+ Kd8 
38. Re8+ Kc7 39. c6 Rxg3 40. Bb5 Rg2+ 41. Kb1 Rg1+ 42. Kc2 Rg2+ 43. Kb1 Rg1+ 
44. Ka2 Rg2+ 45. Kb1 1/2-1/2

[Event "Sunday 29 April Rapid Engine Tour 12+1 Rounds 9 Starts 1600 ST"]
[Site "Infinity Chess"]
[Date "2018.4.29"]
[Round "3"]
[White "ocirema"]
[Black "IronMan"]
[Result "1-0"]
[ECO "C55"]
[WhiteElo "2386"]
[BlackElo "2384"]
[WhiteEngine "asmFishW_9_popcnt"]
[BlackEngine "Eman 1.70-beta23 64-bit POPCNT"]
[EventType "Swiss"]
[WhiteTeam ""]
[BlackTeam ""]
[PlyCount "213"]
[TimeControl "720+1"]

1. e4 e5 2. Nf3 Nc6 3. Bc4 Nf6 4. d3 Bc5 5. c3 O-O 6. O-O d6 7. Bg5 h6 8. Bh4 g5 
9. Bg3 Na5 10. Bb5 a6 11. Ba4 Ba7 12. Nbd2 Nh5 13. b4 Nxg3 14. hxg3 Nc6 
15. Bxc6 bxc6 16. Nb3 Re8 17. Qd2 Be6 18. c4 f6 19. Qc3 c5 20. bxc5 dxc5 
21. Ne1 Qd6 22. Nc2 h5 23. Ne3 Kf7 24. Rab1 Rad8 25. Nd5 c6 26. Ne3 Rb8 
27. Rfd1 Bb6 28. Kf1 a5 29. Qc2 a4 30. Nd2 Qd7 31. Kg1 Rh8 32. Qxa4 Rhd8 
33. a3 Ra8 34. Qc2 Ra6 35. Rb3 Bc7 36. Rdb1 Rda8 37. Qc1 R6a7 38. Ndf1 g4 
39. Nd5 Kg6 40. Nxc7 Rxc7 41. Ne3 Rca7 42. Kf1 Rd8 43. Ra1 Ra4 44. Qc2 Qd4 
45. Ra2 Ra6 46. a4 Rda8 47. Rba3 Ra5 48. Ke2 R8a7 49. Ra1 Qd6 50. f3 Rb7 
51. Qd2 Rba7 52. Qc2 Qb8 53. Rb1 Qa8 54. f4 exf4 55. gxf4 Bd7 56. Rba1 Qb8 
57. g3 Kg7 58. R3a2 Be6 59. Qc1 Qa8 60. Qb2 R5a6 61. f5 Bf7 62. e5 Qd8 
63. e6 Be8 64. Nf1 Qd6 65. Rb1 Rc7 66. a5 Ra8 67. Ke3 Bg6 68. fxg6 Qxe6+ 
69. Kf2 Qf5+ 70. Kg1 Qxd3 71. Ra3 Qd4+ 72. Ne3 Qxb2 73. Rxb2 Rca7 74. Rba2 Kxg6 
75. a6 Rb8 76. Ra5 Rb3 77. Kf2 Rb6 78. Ng2 Kf5 79. Rxc5+ Ke4 80. Rca5 c5 
81. Nf4 h4 82. Re2+ Kd4 83. Ne6+ Kc3 84. Nxc5 Kb4 85. Rea2 hxg3+ 86. Kxg3 f5 
87. Kf4 Rd6 88. Rb5+ Kc3 89. Rb7 Rdxa6 90. Rxa6 Rxa6 91. Nxa6 Kxc4 92. Kxf5 Kd5 
93. Nb8 g3 94. Rb5+ Kc4 95. Rb7 g2 96. Rg7 g1=Q 97. Rxg1 Kd3 98. Ke5 Ke3 
99. Rg3+ Ke2 100. Rb3 Kd2 101. Nc6 Kc2 102. Nd4+ Kc1 103. Ke4 Kd2 104. Kf3 Kd1 
105. Ke3 Kc1 106. Kd3 Kd1 107. Rb1# 1-0

[Event "Sunday 29 April Rapid Engine Tour 12+1 Rounds 9 Starts 1600 ST"]
[Site "Infinity Chess"]
[Date "2018.4.29"]
[Round "3"]
[White "Katzenmaier"]
[Black "Marsell"]
[Result "1/2-1/2"]
[ECO "A22"]
[WhiteElo "2450"]
[BlackElo "2437"]
[WhiteEngine "Raubfisch X38b1"]
[BlackEngine "BrainFish_180418_x64_bmi2"]
[EventType "Swiss"]
[WhiteTeam ""]
[BlackTeam ""]
[PlyCount "79"]
[TimeControl "720+1"]

1. c4 e5 2. Nc3 Nf6 3. Nf3 Nc6 4. a3 g6 5. g3 Bg7 6. Bg2 O-O 7. O-O d6 8. d3 Nd4 
9. Nd2 c6 10. b4 Ne6 11. Nf3 e4 12. dxe4 Nxe4 13. Nxe4 Bxa1 14. Nxd6 a5 
15. b5 cxb5 16. cxb5 Qe7 17. Be3 Bf6 18. Nc4 Rd8 19. Qc1 Bd7 20. Nb6 Bxb5 
21. Nxa8 Rxa8 22. Re1 Bc6 23. Nd2 Bxg2 24. Kxg2 a4 25. Ne4 Nf4+ 26. Kf3 Nd5 
27. Bh6 Bh8 28. Rd1 f5 29. Ng5 Nc3 30. Kg2 Bf6 31. Rd3 Rc8 32. Qd2 Qxe2 
33. Qxe2 Nxe2 34. Rd7 Bxg5 35. Bxg5 b5 36. Bh6 Kh8 37. Bg7+ Kg8 38. Bh6 Kh8 
39. Ra7 Kg8 40. Rd7 1/2-1/2

[Event "Sunday 29 April Rapid Engine Tour 12+1 Rounds 9 Starts 1600 ST"]
[Site "Infinity Chess"]
[Date "2018.4.29"]
[Round "3"]
[White "Dovahkiin"]
[Black "KQRBNP"]
[Result "1/2-1/2"]
[ECO "B90"]
[WhiteElo "2378"]
[BlackElo "2323"]
[WhiteEngine "BrainFish_180423_x64_modern_CTG"]
[BlackEngine "Eman 1.70-beta28 64-bit POPCNT"]
[EventType "Swiss"]
[WhiteTeam ""]
[BlackTeam ""]
[PlyCount "94"]
[TimeControl "720+1"]

1. e4 c5 2. Nf3 d6 3. d4 cxd4 4. Nxd4 Nf6 5. Nc3 a6 6. Nb3 e6 7. g4 b5 
8. Bg2 Bb7 9. g5 b4 10. Nd5 exd5 11. gxf6 dxe4 12. Rg1 gxf6 13. Qh5 Nc6 
14. Bxe4 Qe7 15. Kd1 Ne5 16. Bxb7 Qxb7 17. a3 a5 18. f4 bxa3 19. Rxa3 Qf3+ 
20. Qxf3 Nxf3 21. Rg3 Nxh2 22. Nd4 h5 23. Rg2 Ng4 24. Rh3 f5 25. Nxf5 Nf6 
26. Be3 Rh7 27. c4 Kd7 28. Bd4 Ne8 29. Rg5 a4 30. Kc2 Ra5 31. Bb6 Ra8 
32. Bd4 Nc7 33. Rhxh5 Rxh5 34. Rxh5 Ne6 35. Rh7 Ke8 36. Rh8 Kd7 37. Be3 Ra5 
38. Rh5 a3 39. bxa3 Rxa3 40. Kd2 Ra5 41. Ng3 d5 42. cxd5 Nc7 43. Ke2 Bb4 
44. Ne4 Nxd5 45. Rxd5+ Rxd5 46. Nf6+ Kc6 47. Nxd5 Kxd5 1/2-1/2

[Event "Sunday 29 April Rapid Engine Tour 12+1 Rounds 9 Starts 1600 ST"]
[Site "Infinity Chess"]
[Date "2018.4.29"]
[Round "3"]
[White "fsher"]
[Black "hafaba"]
[Result "1/2-1/2 "]
[ECO "D30"]
[WhiteElo "2390"]
[BlackElo "2401"]
[WhiteEngine "stockfish_17060619_x64_modern_CTG"]
[BlackEngine "Eman 1.70-beta21 64-bit POPCNT_CTG"]
[EventType "Swiss"]
[WhiteTeam ""]
[BlackTeam ""]
[PlyCount "158"]
[TimeControl "720+1"]

1. d4 d5 2. c4 e6 3. Nf3 Nf6 4. e3 dxc4 5. Bxc4 c5 6. O-O a6 7. b3 cxd4 
8. Qxd4 Qxd4 9. Nxd4 Bd7 10. Nd2 Nc6 11. Bb2 Nxd4 12. Bxd4 Bb4 13. Rfd1 Rc8 
14. Bd3 b5 15. Ne4 Nxe4 16. Bxe4 f6 17. Bb7 Rb8 18. a3 Be7 19. Bf3 e5 
20. Ba7 Rc8 21. Bd5 Bc5 22. Bxc5 Rxc5 23. b4 Rc7 24. Rac1 Rxc1 25. Rxc1 Ke7 
26. f4 Rc8 27. Rxc8 Bxc8 28. Bf3 Kd6 29. Kf2 Be6 30. g3 g6 31. h4 h6 
32. fxe5+ fxe5 33. Bb7 Bg4 34. Ke1 g5 35. Bg2 Be6 36. Bb7 Kc7 37. Be4 Kd6 
38. Bb7 Kc7 39. Be4 Bg4 40. hxg5 hxg5 41. Kd2 Be6 42. Kd3 Kd6 43. Kd2 Bd5 
44. Bd3 Bc6 45. Kc3 Bd5 46. Kd2 Ke7 47. Bf5 Kd6 48. Bc8 Be6 49. Bb7 Kc7 
50. Ba8 Kb6 51. Kd3 Bf5+ 52. Be4 Bd7 53. Kd2 Be6 54. Ke1 a5 55. Kf2 a4 
56. Kf3 g4+ 57. Ke2 Kc7 58. Kd2 Kd6 59. Bb1 Kd7 60. Bd3 Kc6 61. Be4+ Kb6 
62. Kc3 Kc7 63. Bd3 Kb6 64. Be4 Kc7 65. Bg6 Kd6 66. Bd3 Kc6 67. Kd2 Kb6 
68. Bb1 Kc6 69. Be4+ Kb6 70. Bd3 Kc6 71. Bb1 Kd5 72. Bg6 Kd6 73. Ke1 Kc7 
74. Kf2 Kd7 75. Be4 Kd6 76. Bc2 Bc4 77. Bg6 Ke6 78. Bb1 Kd6 79. Bg6 Ke6 1/2-1/2

[Event "Sunday 29 April Rapid Engine Tour 12+1 Rounds 9 Starts 1600 ST"]
[Site "Infinity Chess"]
[Date "2018.4.29"]
[Round "3"]
[White "angriff"]
[Black "star99"]
[Result "1/2-1/2"]
[ECO "A50"]
[WhiteElo "2425"]
[BlackElo "2455"]
[WhiteEngine "DracoREX 3.07 64BIT POPCNT_CTG"]
[BlackEngine "Cryptic Heroes 9.4B"]
[EventType "Swiss"]
[WhiteTeam ""]
[BlackTeam ""]
[PlyCount "78"]
[TimeControl "720+1"]

1. d4 Nf6 2. c4 c6 3. e3 d5 4. Nf3 Bf5 5. Nc3 e6 6. Nh4 Bg6 7. Nxg6 hxg6 
8. Bd2 Nbd7 9. c5 e5 10. b4 Be7 11. g3 exd4 12. exd4 Ne4 13. Nxe4 dxe4 
14. Be3 Nf6 15. b5 O-O 16. bxc6 bxc6 17. Bc4 Qd7 18. Rb1 Nd5 19. Bxd5 Qxd5 
20. Qb3 Qd7 21. O-O Kh7 22. Qb7 Qe6 23. Qb3 Qd7 24. Qb7 Qe6 25. Rfd1 Rfd8 
26. h3 Rac8 27. Qxa7 Rd5 28. Kg2 Rcd8 29. Qa4 Rh5 30. Rh1 Qf6 31. Kh2 Qf5 
32. Kg1 Qf3 33. Qxc6 Bxc5 34. dxc5 Rd1+ 35. Rxd1 Qxd1+ 36. Kg2 Qf3+ 37. Kg1 Qd1+ 
38. Kg2 Qf3+ 39. Kg1 Qd1+ 1/2-1/2

[Event "Sunday 29 April Rapid Engine Tour 12+1 Rounds 9 Starts 1600 ST"]
[Site "Infinity Chess"]
[Date "2018.4.29"]
[Round "3"]
[White "Eman"]
[Black "HerzsjeMZ"]
[Result "1/2-1/2"]
[ECO "C77"]
[WhiteElo "2445"]
[BlackElo "2449"]
[WhiteEngine "Eman 1.70-beta27 64-bit BMI2"]
[BlackEngine "SugaR.XPrO.1.4.64.POCNT"]
[EventType "Swiss"]
[WhiteTeam ""]
[BlackTeam ""]
[PlyCount "155"]
[TimeControl "720+1"]

1. e4 e5 2. Nf3 Nc6 3. Bb5 a6 4. Ba4 Nf6 5. O-O Be7 6. Re1 b5 7. Bb3 O-O 
8. c3 d6 9. h3 Bb7 10. d4 Re8 11. Nbd2 Bf8 12. a3 h6 13. Bc2 Nb8 14. b3 Nbd7 
15. Bb2 c6 16. Rb1 Qc7 17. Bd3 Rac8 18. c4 exd4 19. Bxd4 Ne5 20. Bc2 Rcd8 
21. Bc3 Nfd7 22. a4 d5 23. exd5 b4 24. Bd4 cxd5 25. cxd5 Bxd5 26. Be4 Nxf3+ 
27. Qxf3 Be6 28. Rbc1 Qd6 29. Qe3 Nf6 30. Bxf6 gxf6 31. Nf3 f5 32. Bc2 a5 
33. Qa7 Qf4 34. Qxa5 Rd5 35. Qa6 Rc5 36. Qe2 Re7 37. Ne5 Qg5 38. Nf3 Qf4 
39. Ne5 Bd5 40. Qe3 Qxe3 41. Rxe3 f4 42. Ree1 Rc3 43. Rcd1 Be6 44. Rd2 Bxb3 
45. Bxb3 Rxb3 46. Rd7 Rxd7 47. Nxd7 Bd6 48. Rd1 Be7 49. Re1 Bh4 50. Kf1 Ra3 
51. Rb1 Ra2 52. Ne5 Rxf2+ 53. Kg1 Ra2 54. Nd3 Rxa4 55. Nxb4 Kg7 56. Kf1 Ra3 
57. Nc2 Ra2 58. Nd4 Kg6 59. Ne2 Ra4 60. Rd1 Bf6 61. Ng1 Bh4 62. Nf3 Bg3 
63. Ke2 f6 64. Rd2 Ra3 65. Rb2 Ra6 66. Kd3 Kf7 67. Rd2 Re6 68. Ra2 Kg6 
69. Rb2 Re3+ 70. Kd4 Kh5 71. Rb5+ Kg6 72. Rb2 Kf5 73. Rb5+ Ke6 74. Rb6+ Kf7 
75. Rb7+ Ke6 76. Rb6+ Kf7 77. Rb7+ Ke6 78. Rb6+ 1/2-1/2